Map: Emerald City LE

Players

Throwfordays

  • Race: Protoss Protoss
  • League: Silver
  • Spawn Location: 11:00

Faust

  • Race: Zerg Zerg
  • League: Diamond
  • Spawn Location: 11:00

ovidio

  • Race: Terran Terran
  • Spawn Location: 5:00

ETERNØ

  • Race: Zerg Zerg
  • League: Diamond
  • Spawn Location: 5:00

VOD

Have the link to the VOD?

Description

Time

  • Played on: July 29, 2020, 9:06 p.m.
  • Length: 16:57
Show
View Real Time Build Order
Export as new Build Order

Throwfordays Protoss 

Build Orders:  

Get SALT Encoding   

  12  0:00  Probe  
  13  0:12  Probe  
  14  0:22  Pylon  
  14  0:27  Probe  
  15  0:41  Gateway  
  15  0:46  Probe  
  16  0:55  Pylon  
  16  0:58  Probe  
  16  1:01  Assimilator  
  17  1:10  Probe  
  18  1:22  Probe  
  19  1:35  Probe  
  19  1:36  Cybernetics Core  
  20  1:41  Gateway  
  21  1:47  Probe  
  21  1:50  Assimilator  
  21  1:59  Probe  
  22  2:11  Probe  
  23  2:16  Nexus  
  23  2:17  Warp Gate (Chrono Boost)  
  23  2:30  Adept x2  
  23  2:36  Probe  
  28  2:49  Probe  
  29  3:02  Pylon, Adept  
  31  3:07  Pylon  
  31  3:20  Probe  
  32  3:27  Shield Battery  
  32  3:30  Shield Battery  
  32  3:32  Probe  
  33  3:38  Pylon  
  33  3:51  Stalker  
  33  3:52  Stalker  
  33  4:17  Adept x2  
  35  4:19  Probe  
  35  4:20  Probe  
  39  4:31  Twilight Council, Probe  
  40  4:32  Probe  
  40  4:33  Robotics Facility  
  40  4:35  Pylon  
  41  4:42  Adept  
  41  4:43  Probe  
  41  4:45  Probe  
  45  4:46  Adept  
  47  4:55  Probe  
  47  4:57  Probe  
  49  5:08  Stalker x2  
  49  5:13  Forge, Probe  
  54  5:14  Probe  
  55  5:25  Probe  
  55  5:26  Probe  
  54  5:31  Immortal  
  45  6:10  Nexus  
  45  6:28  Charge  
  45  6:43  Assimilator  
  45  6:47  Assimilator  
  45  6:50  Immortal  
  45  6:53  Templar Archives  
  49  7:05  Probe  
  50  7:20  Probe (Chrono Boost)  
  51  7:24  Probe (Chrono Boost)  
  53  7:31  Immortal  
  53  7:34  Probe x2 (Chrono Boost)  
  54  7:39  Probe (Chrono Boost)  
  54  7:42  Probe  
  39  7:52  Zealot x2  
  35  8:26  Probe (Chrono Boost)  
  36  8:36  Probe (Chrono Boost)  
  36  8:41  Probe (Chrono Boost)  
  38  8:52  Probe (Chrono Boost)  
  39  9:04  Probe (Chrono Boost)  
  39  9:06  Zealot  
  39  9:07  Zealot  
  44  9:11  Probe (Chrono Boost)  
  45  9:19  Probe  
  46  9:31  Probe (Chrono Boost)  
  47  9:36  Probe (Chrono Boost)  
  47  9:37  Zealot  
  47  9:38  Zealot  
  52  9:42  Probe (Chrono Boost)  
  54  9:46  Pylon  
  54  9:47  Probe x2 (Chrono Boost)  
  54  9:49  Pylon  
  55  9:55  Pylon  
  55  9:56  Probe  
  55  9:57  Probe  
  55  9:59  Zealot  
  59  10:00  Zealot  
  61  10:09  Probe  
  61  10:11  Probe  
  57  10:23  Probe  
  58  10:35  Probe  
  59  10:38  Pylon  
  59  10:41  Pylon  
  59  10:46  Zealot x2  
  59  10:47  Psionic Storm  
  63  10:51  Probe (Chrono Boost)  
  63  10:56  Probe (Chrono Boost)  
  65  10:58  Photon Cannon  
  65  11:00  Photon Cannon  
  65  11:01  Probe (Chrono Boost)  
  65  11:02  Photon Cannon  
  67  11:04  Probe (Chrono Boost)  
  67  11:05  Photon Cannon  
  67  11:07  Probe (Chrono Boost)  
  67  11:08  Photon Cannon  
  67  11:09  Probe (Chrono Boost)  
  69  11:13  Photon Cannon  
  69  11:15  Photon Cannon  
  69  11:19  Photon Cannon  
  69  11:22  Photon Cannon  
  41  11:40  Zealot x2  
  43  12:52  Nexus  
  43  13:14  Pylon  
  43  13:22  Photon Cannon  
  43  13:24  Photon Cannon  
  43  13:28  Pylon  
  43  13:31  Pylon  
  43  13:37  Photon Cannon  
  43  13:38  Photon Cannon  
  43  13:40  Photon Cannon  
  43  13:43  Photon Cannon  
  43  13:58  Probe  
  44  14:04  Assimilator  
  44  14:10  Probe  
  44  14:12  Sentry x2  
  49  14:17  Pylon  
  49  14:19  Gateway  
  49  14:20  Gateway  
  49  14:22  Gateway  
  49  14:23  Probe  
  50  14:34  Probe  
  50  14:37  High Templar  
  50  14:38  High Templar  
  55  15:11  High Templar x2  
  59  15:15  High Templar x2  
  59  15:17  High Templar  
  65  15:22  Archon x2  
  56  15:45  High Templar x2  
Show
View Real Time Build Order
Export as new Build Order

Faust Zerg 

Build Orders: Hatch First, Zergling Baneling 

Get SALT Encoding   

  12  0:00  Drone  
  13  0:09  Drone  
  14  0:19  Overlord  
  14  0:40  Drone x3  
  17  0:54  Hatchery  
  17  1:04  Drone  
  17  1:06  Extractor  
  17  1:07  Drone  
  17  1:20  Spawning Pool  
  17  1:21  Drone  
  17  1:25  Drone  
  18  1:35  Drone  
  19  1:46  Overlord  
  19  2:06  Queen x2  
  19  2:08  Metabolic Boost  
  23  2:09  Zergling x2  
  23  2:12  Zergling x2  
  25  2:16  Zergling x2  
  25  2:21  Zergling x2  
  27  2:23  Zergling x2  
  27  2:29  Drone  
  29  2:33  Baneling Nest  
  29  2:37  Drone  
  29  2:49  Overlord  
  29  2:50  Drone  
  29  2:51  Drone  
  31  2:55  Drone  
  32  3:00  Drone  
  32  3:01  Drone  
  34  3:13  Drone  
  34  3:15  Drone x2  
  34  3:16  Drone  
  34  3:17  Drone  
  39  3:25  Zergling x2  
  39  3:26  Zergling x4  
  37  3:40  Zergling x2  
  37  3:41  Zergling x6  
  41  3:44  Baneling x2  
  41  3:47  Baneling  
  41  3:49  Baneling  
  41  3:56  Burrow  
  41  3:58  Zergling x4  
  41  3:59  Zergling x2  
  44  4:08  Baneling  
  43  4:14  Overlord x2  
  39  4:34  Baneling x2  
  38  4:41  Baneling x2  
  38  4:42  Baneling  
  38  4:43  Drone x4  
  38  4:44  Drone  
  38  4:45  Drone  
  44  4:47  Extractor  
  44  4:49  Extractor  
  42  5:06  Hatchery  
  39  5:12  Drone x3  
  39  5:13  Drone x3  
  43  5:20  Zergling x6  
  43  5:21  Zergling x6  
  49  5:27  Queen  
  51  5:30  Extractor  
  51  5:35  Zergling x4  
  52  5:41  Baneling x2  
  52  5:42  Zergling x4  
  52  5:59  Zergling x10  
  52  6:00  Zergling x4  
  59  6:11  Drone  
  60  6:14  Overlord  
  56  6:18  Lair  
  56  6:19  Drone x3  
  59  6:29  Drone x2  
  59  6:30  Queen, Drone x3  
  66  6:48  Zergling x6  
  66  6:49  Zergling x4, Drone  
  66  6:50  Drone x2  
  66  6:52  Overlord x2  
  66  6:53  Overlord  
  74  6:57  Overlord  
  74  7:12  Baneling  
  74  7:13  Baneling x3  
  63  7:45  Zergling x2  
  63  7:46  Zergling x14  
  63  7:49  Spire  
  69  8:05  Baneling x2  
  68  8:06  Zergling x2  
  68  8:07  Zergling x20  
  68  8:08  Zergling x2  
  68  8:09  Zergling x6  
  82  8:20  Zergling x2  
  82  8:24  Extractor  
  82  8:25  Extractor  
  81  8:28  Overlord  
  81  8:29  Overlord x2  
  81  8:32  Drone  
  82  8:34  Drone  
  83  8:46  Overlord x2  
  83  8:47  Overlord  
  83  8:51  Drone x3  
  86  9:09  Mutalisk  
  86  9:10  Mutalisk x9  
  86  9:13  Zerg Flyer Weapons Level 1  
  106  9:17  Evolution Chamber  
  106  9:18  Evolution Chamber  
  106  9:22  Baneling x3  
  106  9:23  Baneling  
  104  9:31  Baneling x2  
  104  9:32  Baneling x5  
  104  9:36  Mutalisk x6  
  115  9:42  Drone x3  
  115  9:43  Drone x3  
  121  9:48  Drone  
  121  9:49  Drone x2  
  124  9:54  Hatchery  
  124  9:56  Extractor  
  122  10:00  Extractor  
  122  10:04  Mutalisk x4  
  122  10:05  Mutalisk  
  130  10:10  Zergling x14  
  137  10:32  Mutalisk x4  
  137  10:35  Drone  
  146  10:37  Overlord x8  
  146  10:45  Zerg Missile Weapons Level 1  
  114  11:32  Mutalisk x7  
  110  11:34  Zergling x2  
  110  11:35  Zergling x10  
  103  11:55  Mutalisk  
  103  12:00  Baneling x9  
  103  12:01  Zergling x2, Baneling x3  
  86  12:02  Zergling x8  
  86  12:06  Mutalisk  
  58  12:48  Drone  
  58  12:49  Drone x5  
  64  12:58  Drone x3  
  67  13:00  Drone  
  68  13:06  Spawning Pool  
  68  13:08  Evolution Chamber  
  68  13:09  Evolution Chamber  
  65  13:27  Hatchery, Drone  
  65  13:28  Drone x2  
  67  13:38  Drone x2  
  67  13:39  Drone x6  
  75  14:01  Drone x2  
  77  14:04  Drone  
  77  14:05  Drone  
  77  14:06  Drone x5  
  74  14:15  Spore Crawler  
  71  14:17  Spore Crawler  
  71  14:19  Spore Crawler  
  71  14:21  Spore Crawler x2  
  71  14:24  Spore Crawler x2  
  66  14:25  Spore Crawler  
  66  14:27  Spore Crawler  
  66  14:30  Lair  
  44  14:54  Drone x5  
  47  15:08  Drone x14  
  43  15:16  Overlord x4  
  43  15:17  Overlord x3  
  43  15:21  Spore Crawler  
  43  15:22  Spore Crawler  
  43  15:23  Spore Crawler  
  43  15:24  Spore Crawler  
  43  15:25  Spore Crawler x2  
  37  15:28  Overlord  
  37  15:29  Overlord  
  37  15:45  Zergling x18  
  46  15:58  Zergling x2  
  46  15:59  Zergling x6  
  36  16:33  Zergling x18  
  36  16:37  Spire  
Show
View Real Time Build Order
Export as new Build Order

ovidio Terran 

Build Orders:  

Get SALT Encoding   

  12  0:02  SCV  
  14  0:14  SCV  
  14  0:26  SCV  
  15  0:29  Supply Depot  
  15  0:32  Refinery  
  15  0:54  Barracks  
  15  0:56  Barracks  
  15  0:59  SCV  
  16  1:11  SCV  
  17  1:13  Refinery  
  17  1:23  SCV  
  18  1:34  Supply Depot  
  18  1:35  SCV  
  19  1:50  Factory  
  19  1:55  Barracks Tech Lab  
  19  1:58  Barracks Reactor  
  19  2:11  Orbital Command  
  19  2:15  Marine  
  20  2:34  Marine x2  
  22  2:40  Starport  
  22  2:42  Factory Tech Lab  
  22  2:45  SCV  
  22  2:50  Marine  
  24  2:56  Marine x2  
  26  3:03  SCV  
  27  3:09  Siege Tank  
  30  3:15  SCV  
  30  3:18  Starport Reactor  
  31  3:24  Supply Depot  
  31  3:34  Supply Depot  
  31  3:45  Marine x3, Stimpack  
  34  3:52  Supply Depot  
  34  3:54  SCV  
  35  4:07  Medivac x2  
  39  4:14  SCV  
  39  4:15  Marine x2  
  42  4:19  Marine  
  43  4:26  SCV  
  43  4:27  Supply Depot  
  44  4:33  Marine x2  
  44  4:37  Marine  
  47  4:51  Marine, SCV  
  49  5:06  SCV, Command Center  
  49  5:07  Marine x2  
  52  5:17  Marine  
  53  5:24  Marine  
  53  5:25  Marine  
  55  5:35  Marine  
  56  5:42  Marine x2  
  58  5:52  Marine  
  52  6:00  Marine x2  
  46  6:10  Marine  
  47  6:13  Command Center  
  47  6:18  Marine x2  
  48  6:24  Refinery  
  49  6:28  Marine  
  49  6:32  Refinery  
  50  6:36  Marine x2  
  50  6:38  Orbital Command  
  52  6:45  Engineering Bay  
  52  6:46  Marine  
  53  6:50  Combat Shield  
  53  6:53  Marine  
  54  6:57  SCV  
  55  7:06  Siege Tank  
  55  7:08  Marine x2  
  60  7:09  SCV  
  61  7:17  SCV  
  61  7:21  SCV  
  60  7:29  SCV  
  58  7:33  Marine x2, SCV  
  58  7:34  Marine  
  62  7:41  SCV  
  60  7:45  SCV  
  61  7:51  Marine x3  
  61  7:53  SCV  
  59  8:06  SCV x2  
  59  8:09  Marine x3  
  60  8:18  SCV x2  
  61  8:27  Marine x3  
  61  8:32  Orbital Command  
  64  8:36  Terran Infantry Weapons Level 1  
  64  8:38  Armory  
  64  8:43  Barracks  
  64  8:44  Marine  
  64  8:45  Marine x2  
  67  8:55  Engineering Bay  
  67  9:02  Marine x2  
  67  9:03  Marine  
  67  9:04  Medivac x2  
  74  9:10  Siege Tank  
  77  9:20  Marine x2  
  79  9:24  Supply Depot  
  79  9:25  Supply Depot  
  79  9:30  Barracks Tech Lab  
  79  9:31  Concussive Shells, Barracks  
  79  9:33  Marine  
  79  9:37  Medivac x2  
  79  9:38  Marine  
  84  9:39  Marauder  
  87  9:51  Marine  
  88  9:55  Command Center  
  88  9:56  Marine, Marauder  
  88  9:59  Terran Infantry Armor Level 1  
  91  10:00  Marauder  
  91  10:02  Terran Vehicle Weapons Level 1  
  93  10:09  Marine  
  93  10:14  Marine  
  95  10:17  Marauder  
  97  10:22  Marauder  
  97  10:26  Marine  
  100  10:31  Marine  
  100  10:32  Barracks Reactor  
  101  10:39  Marauder  
  101  10:40  Command Center  
  103  10:43  Marauder  
  103  10:44  Marine  
  103  10:49  Marine  
  107  10:59  Siege Tank  
  107  11:00  Marauder  
  107  11:01  Supply Depot  
  107  11:02  Marine  
  110  11:04  Marauder  
  106  11:21  Marauder  
  106  11:23  Supply Depot  
  94  11:26  Marauder  
  92  11:39  Marine x3  
  87  11:43  Marauder  
  87  11:47  Marauder  
  89  12:04  Marauder  
  91  12:08  Marauder  
  85  12:26  Marauder  
  85  12:28  Marine x4  
  86  12:30  Marauder  
  53  12:45  Marine  
  53  12:46  Marine x3  
  53  12:47  Marauder  
  61  12:51  Marauder  
  61  13:03  Marine x3  
  61  13:04  Marine  
  65  13:12  Medivac x2  
  69  13:32  Orbital Command  
  69  13:37  Missile Turret  
  69  13:42  Orbital Command, Medivac x2  
  73  13:50  Terran Infantry Weapons Level 2  
  73  13:57  Orbital Command  
  73  14:08  Terran Infantry Armor Level 2  
  73  14:10  Missile Turret  
  73  14:12  Medivac x2  
  77  14:20  Marine  
  78  14:29  Marine, Marauder  
  81  14:38  Terran Vehicle Weapons Level 2  
  81  14:40  Marine  
  81  14:41  Marine  
  81  14:42  Medivac x2  
  81  14:44  SCV x2  
  89  14:47  SCV  
  90  15:04  Marauder x2  
  90  15:05  Marine x4  
  98  15:11  Siege Tank  
  101  15:22  Marine x2  
  101  15:23  Marine x2  
  101  15:25  Marauder x2  
  109  15:40  Marine x3  
  109  15:41  Marine  
  105  15:46  Marine x2  
  101  15:58  Marine x3  
  104  16:04  Marauder  
  104  16:05  Marauder  
  104  16:10  Marine  
  102  16:26  Marauder x2  
  102  16:35  Marine  
  102  16:36  Marine  
Show
View Real Time Build Order
Export as new Build Order

ETERNØ Zerg 

Build Orders: Pool First, Muta Ling Bane, Zergling Baneling 

Get SALT Encoding   

  12  0:00  Drone  
  13  0:09  Drone  
  14  0:17  Overlord  
  14  0:23  Extractor, Drone  
  14  0:35  Drone  
  14  0:36  Drone  
  16  0:44  Drone  
  17  0:55  Drone  
  18  0:58  Spawning Pool  
  17  1:05  Drone  
  18  1:16  Drone  
  19  1:27  Hatchery  
  18  1:35  Drone  
  19  1:44  Metabolic Boost  
  19  1:47  Queen  
  19  1:54  Overlord  
  21  2:11  Zergling x2  
  21  2:14  Zergling x4  
  24  2:22  Queen  
  24  2:26  Baneling Nest  
  25  2:31  Zergling x2  
  27  2:37  Zergling x2  
  27  2:39  Zergling x2  
  28  2:45  Zergling x2  
  28  2:50  Zergling x2  
  30  2:56  Zergling x2  
  31  2:58  Zergling x4  
  31  2:59  Zergling x2  
  31  3:02  Zergling x2  
  35  3:06  Overlord  
  35  3:25  Zergling x6  
  35  3:26  Zergling x4  
  38  3:27  Zergling x2  
  38  3:33  Zergling x4  
  41  3:39  Zergling x2  
  42  3:42  Drone  
  39  4:14  Baneling  
  39  4:15  Baneling x7  
  39  4:16  Baneling x6  
  39  4:17  Drone x2  
  39  4:18  Drone  
  39  4:24  Drone x2  
  44  4:27  Drone  
  38  4:44  Drone x6  
  37  5:15  Drone x4  
  37  5:16  Drone x2  
  37  5:17  Lair  
  37  5:19  Extractor  
  42  5:23  Drone  
  42  5:26  Extractor  
  42  5:27  Extractor, Drone x2  
  43  5:48  Overlord x3  
  43  5:58  Overlord x2  
  43  6:06  Drone x2  
  43  6:07  Drone x4  
  49  6:11  Hatchery  
  49  6:13  Drone  
  49  6:22  Zergling x2  
  49  6:31  Zergling x6, Spine Crawler  
  49  6:32  Spine Crawler  
  50  6:35  Baneling x3  
  50  6:40  Spire  
  50  6:44  Hydralisk Den  
  50  6:46  Drone x2  
  50  6:47  Drone x3  
  52  6:50  Spore Crawler  
  52  6:53  Spore Crawler  
  51  7:01  Centrifical Hooks  
  51  7:04  Zergling x4  
  51  7:08  Baneling x3  
  53  7:09  Baneling x3  
  53  7:27  Muscular Augments  
  49  7:54  Mutalisk  
  49  7:55  Mutalisk x6  
  63  8:03  Extractor, Drone x4  
  63  8:04  Drone x3  
  69  8:06  Extractor  
  69  8:08  Drone x4  
  72  8:24  Zerg Flyer Weapons Level 1  
  72  8:27  Drone x4  
  72  8:28  Drone x3  
  72  8:33  Spore Crawler  
  78  8:34  Spore Crawler  
  78  8:36  Spine Crawler  
  78  8:37  Spine Crawler  
  78  8:38  Grooved Spines  
  75  8:52  Drone x2  
  75  8:53  Drone x5  
  82  9:27  Queen  
  82  9:29  Mutalisk  
  82  9:30  Mutalisk x2  
  90  9:42  Overseer  
  90  10:14  Overlord x6  
  89  10:27  Overlord x5  
  87  10:40  Spore Crawler  
  86  10:43  Spore Crawler  
  86  10:44  Hydralisk x5  
  86  10:45  Spore Crawler, Hydralisk  
  96  11:16  Mutalisk x6  
  96  11:17  Mutalisk x5  
  112  11:24  Lair  
  106  11:37  Mutalisk x2  
  106  11:52  Mutalisk x4  
  104  12:12  Hatchery  
  103  12:34  Lurker Den  
  102  12:51  Spore Crawler  
  101  13:03  Hydralisk x6  
  113  13:09  Extractor  
  113  13:11  Extractor  
  111  13:27  Hatchery  
  111  13:28  Hatchery  
  109  13:46  Mutalisk x6  
  109  13:47  Mutalisk x2  
  125  13:55  Pneumatized Carapace  
  125  14:08  Evolution Chamber x2  
  125  14:09  Evolution Chamber  
  122  14:21  Overlord  
  122  14:22  Overlord x3  
  122  14:25  Overlord x3  
  120  15:06  Overseer  
  116  15:20  Drone x8  
  124  15:35  Infestation Pit  
  123  15:38  Hydralisk  
  123  15:39  Hydralisk x6  
  123  15:41  Overlord x3  
  135  16:02  Hydralisk x5  
  135  16:03  Hydralisk x2  
  147  16:13  Lurker x6  
  153  16:21  Hydralisk x2  
  153  16:22  Hydralisk x5  
Tags
 
Add a new tag
Caveats
  • Supply blocks, unpowered buildings, or Contaminate may cause inaccurate times.
  • Supply counts are checked every 10 seconds.